 Dungeon Crawl Stone Soup version 0.19-a0-1091-g463c9de (webtiles) character file.

88 Leszczynek the Skirmisher (level 4, 0/48 HPs)
             Began as an Ogre Conjurer on Aug 7, 2016.
             Succumbed to a gnoll's poison
             ... on level 3 of the Dungeon.
             The game lasted 00:06:19 (907 turns).

Leszczynek the Skirmisher (Ogre Conjurer)            Turns: 907, Time: 00:06:20

Health: 0/48       AC:  3    Str: 13 (14) XL:     4   Next: 54%
Magic:  7/7        EV: 13    Int: 12 (14) God:
Gold:   59         SH:  0    Dex:  7 (10) Spells: 2 memorised, 4 levels left

rFire  . . .     SeeInvis +     n - +0 quarterstaff
rCold  . . .     Gourm    .     a - +0 robe
rNeg   . . .     Faith    .     (shield currently unavailable)
rPois  .         Spirit   .     (helmet restricted)
rElec  .         Dismiss  .     (no cloak)
rCorr  .         Reflect  .     (gloves unavailable)
SustAt .         Harm     .     (boots unavailable)
MR     .....                    (no amulet)
Stlth  +.........               t - ring of see invisible
                                d - +3 ring of evasion

@: lethally poisoned (0 -> -18), very slightly contaminated, hasted, very quick
A: unfitting armour, blink, blurry vision 1, tough skin 1
a: Blink


You were on level 3 of the Dungeon.
You were hungry.

You visited 1 branch of the dungeon, and saw 3 of its levels.

You collected 59 gold pieces.

Inventory:

Hand Weapons
 k - a -1 whip
 l - a +0 hunting sling
 n - a +0 quarterstaff (weapon)
Missiles
 m - 20 sling bullets
 q - 2 tomahawks (quivered)
Armour
 a - a +0 robe (worn)
Jewellery
 d - a +3 ring of evasion (left hand)
 t - a ring of see invisible (right hand)
Wands
 h - a wand of heal wounds (0/9)
Scrolls
 i - a scroll of fog {unknown}
 o - a scroll of recharging {unknown}
Books
 b - a book of Conjurations

   Spells                             Type                      Level
   a - Magic Dart                     Conjuration                  1
   b - Searing Ray                    Conjuration                  2
   c - Dazzling Spray                 Conjuration/Hexes            3
   d - Fulminant Prism                Conjuration/Hexes            4
   e - Iskenderun's Mystic Blast      Conjuration                  4
   f - Iskenderun's Battlesphere      Conjuration/Charms           5
Comestibles
 c - 4 bread rations


   Skills:
 + Level 3.6 Fighting
 * Level 3.6 Maces & Flails
 - Level 1.7 Dodging
 - Level 1.5 Stealth
 - Level 2.4 Spellcasting
 - Level 2.9 Conjurations


You had 4 spell levels left.
You knew the following spells:

 Your Spells              Type           Power        Failure   Level  Hunger
a - Magic Dart            Conj           #...         10%         1    ##.....
b - Searing Ray           Conj           #.....       12%         2    ###....


Dungeon Overview and Level Annotations

Branches:
Dungeon (3/15)

Altars:
Dithmenos

Portals:
Sewer: D:3


Innate Abilities, Weirdness & Mutations

You are too large for most types of armour.
You have tough skin. (AC +1)
You can translocate small distances at will.
Scrolls take you a little longer to read.


Message History

You kill the gnoll!
* * * LOW HITPOINT WARNING * * *
You feel very sick.
* * * LOW HITPOINT WARNING * * *
You feel sick.
Found a shiny brass wand.
Items here: ( ) [ † a spear of venom; 20 stones; a ring mail; a gnoll corpse You enter the shallow water.
Moving in this stuff is going to be slow.
* * * LOW HITPOINT WARNING * * *
You feel very sick.
You are feeling hungry.
* * * LOW HITPOINT WARNING * * *
You feel sick.
* * * LOW HITPOINT WARNING * * *
You feel sick.
* * * LOW HITPOINT WARNING * * *
You feel sick.
You die...

.. #. ## #.# .# #.
#.#+##.# #. #./....##
#.###..[....# ..#
#.......@...# ..#
#####....$.....# #.#
#......÷≈≈≈...##
.#.#.#......≈≈≈≈≈..#
.#.#.#..#...≈≈∩≈≈..#
... #[....)≈≈≈≈≈.....
#.# #.##....≈≈≈......
#.###..(.)............
##.()(.(##.............


There were no monsters in sight!

Vanquished Creatures
  Ijyb (D:2)
  4 gnolls (D:3)
  An orc (D:3)
  4 bats
  A giant cockroach (D:2)
  2 goblins
  4 hobgoblins
  3 kobolds
  4 rats
24 creatures vanquished.

Notes
Turn   | Place    | Note
-------+----------+-------------------------------------------
     0 | D:1      | Leszczynek the Ogre Conjurer began the quest for the Orb.
     0 | D:1      | Reached XP level 1. HP: 16/16 MP: 3/3
    52 | D:1      | Reached skill level 1 in Fighting
    93 | D:1      | Reached skill level 2 in Fighting
   124 | D:1      | Reached XP level 2. HP: 28/28 MP: 0/5
   148 | D:2      | Found a shadowy altar of Dithmenos.
   181 | D:2      | Noticed Ijyb
   353 | D:2      | Killed Ijyb
   353 | D:2      | Reached skill level 3 in Fighting
   353 | D:2      | Reached skill level 2 in Maces & Flails
   353 | D:2      | Reached XP level 3. HP: 15/37 MP: 2/6
   539 | D:3      | Learned a level 2 spell: Searing Ray
   542 | D:3      | Found a glowing drain.
   553 | D:3      | Reached skill level 3 in Maces & Flails
   553 | D:3      | Reached XP level 4. HP: 33/45 MP: 1/7
   804 | D:2      | stone throwing sniper
   804 | D:2      | i wish my thrown stones were that good
   886 | D:3      | HP: 4/46 [poisoned by a gnoll]
   889 | D:3      | Gained mutation: You have a pair of small horns on your head. [potion of beneficial mutation]
   890 | D:3      | Lost mutation: You have a pair of small horns on your head. [potion of mutation]
   890 | D:3      | Gained mutation: Scrolls take you a little longer to read. [potion of mutation]
   890 | D:3      | Gained mutation: You can translocate small distances at will. [potion of mutation]
   904 | D:3      | HP: 3/48 [poisoned by a gnoll]
   906 | D:3      | HP: 1/48 [poisoned by a gnoll]
   907 | D:3      | Succumbed to a gnoll's poison

Vault maps used:
D:1:      dpeg_arrival_stone_temple_mockup
D:2:      grunt_dithmenos_smoke, uniq_iyjb
D:3:      portal_sewer_entry_a, gammafunk_pakellas_cloud_experiment

Skill      XL: |  1  2  3 |
---------------+----------+-----
Fighting       | 2 3 |  3.6
Maces & Flails | 2 3 |  3.6
Dodging        | |  1.7
Stealth        | |  1.5
Spellcasting   | |  2.4
Conjurations   | |  2.9

Action                   |  1- 3 |  4- 6 || total
-------------------------+-------+-------++-------
Melee: Dagger            |    13 |       ||    13
       Quarterstaff      |    49 |    22 ||    71
       Whip              |     2 |       ||     2
 Cast: Magic Dart        |    21 |    10 ||    31
  Use: Scroll            |     1 |       ||     1
       Potion            |       |     6 ||     6
  Eat: Chunk             |       |     1 ||     1
Armor: Robe              |    12 |     3 ||    15
Dodge: Dodged            |    58 |    30 ||    88
